AoeStats
← Ana Catalina

Fortress

509188372Analyzed
4v4 RM · 6d ago on Sep 25, 2026· 52m 54s· 8 players
Game mode
Random Map
Map size
Huge
Population
200
Speed
Normal
Resources
Standard
Victory
Conquest
Starting age
Dark Age
Ending age
Imperial Age
RankedLock teamsTeams togetherTeam positionsShared explorationLock speedFull tech treeHidden civsTurbo modeCheats
Victory
Defeat
🇬🇷 Byzantines · Greece
745
+13
🇺🇸 Cumans · United States
730
+14
🇨🇳 Spanish · China
632
+18
🇵🇪 Vietnamese · Peru
594
+19
🇫🇷 Maya · France
733
-18
🇩🇪 Varangians · Germany
696
-17
🇬🇧 Bohemians · United Kingdom
664
-16
🇹🇷 Franks · Türkiye
590
-13
jsx_001
7:58 Feudal Age
9:02 Loom
9:06 Double-Bit Axe
9:22 Horse Collar
15:20 Castle Age
19:17 Bow Saw
22:33 Elite Skirmisher
24:19 Husbandry
25:55 Scale Barding Armor
25:40 Fletching
28:39 Bodkin Arrow
31:22 Wagenburg Tactics
31:29 Crossbowman
35:42 Ballistics
Pikothh
10:33 Feudal Age
11:17 Double-Bit Axe
13:18 Gold Mining
13:22 Stone Mining
17:36 Man-at-Arms
41:46 Castle Age
Roukine
0:38 Loom
8:28 Feudal Age
9:52 Town Watch
17:11 Castle Age
15:51 Horse Collar
16:51 Arson
17:16 Fletching
19:00 Pikeman
25:01 Town Patrol
27:38 Squires
32:25 Imperial Age
33:23 Wheelbarrow
32:54 Man-at-Arms
33:33 Elite Skirmisher
34:11 Eagle Warrior
35:09 Halberdier
36:19 Forging
38:01 Bodkin Arrow
38:41 Iron Casting
38:08 Scale Mail Armor
38:55 Hul'che Javelineers
39:19 Thumb Ring
40:29 Stone Mining
40:30 Gold Mining
41:14 Conscription
41:29 Murder Holes
41:55 Ballistics
41:41 Bracer
42:41 Blast Furnace
41:43 Padded Archer Armor
44:34 Leather Archer Armor
45:20 Blast Furnace
45:27 Fortified Wall
44:58 Treadmill Crane
Ana Catalina
0:31 Loom
8:10 Feudal Age
9:40 Double-Bit Axe
12:52 Horse Collar
16:16 Castle Age
14:14 Stone Mining
14:34 Town Watch
15:06 Arson
15:14 Fletching
17:08 Forging
16:59 Scale Mail Armor
17:01 Padded Archer Armor
22:39 Heavy Plow
35:11 Ballistics
35:01 Fortified Wall
38:26 Imperial Age
36:31 Gold Mining
36:57 Bow Saw
37:35 Bodkin Arrow
38:15 Iron Casting
40:57 Iron Casting
40:37 Chain Mail Armor
40:29 Scale Barding Armor
40:24 Bracer
40:40 Leather Archer Armor
42:42 Chemistry
41:06 Elite Varangian Guard
42:34 Cranequins
51:46 Elite Jarl
WavyRackz
0:45 Loom
3:25 Loom
8:05 Feudal Age
11:25 Forging
13:12 Bloodlines
21:10 Horse Collar
21:37 Scale Barding Armor
22:40 Double-Bit Axe
28:12 Castle Age
27:26 Fletching
32:25 Iron Casting
32:18 Gold Mining
34:08 Wheelbarrow
36:14 Steppe Husbandry
36:43 Hand Cart
39:21 Bow Saw
42:46 Chain Barding Armor
44:27 Gold Shaft Mining
48:32 Capped Ram
Althair
7:59 Feudal Age
8:46 Double-Bit Axe
8:45 Horse Collar
8:59 Gold Mining
9:49 Wheelbarrow
10:19 Town Watch
22:03 Castle Age
21:48 Padded Archer Armor
21:39 Fletching
23:14 Hand Cart
23:13 Bow Saw
23:07 Heavy Plow
22:32 Crossbowman
23:42 Husbandry
23:51 Husbandry
24:52 Caravan
28:22 Ballistics
32:32 Light Cavalry
34:49 Thumb Ring
35:36 Squires
35:37 Pikeman
38:42 Murder Holes
39:44 Elite Skirmisher
43:05 Imperial Age
41:45 Town Patrol
43:19 Bloodlines
43:32 Leather Archer Armor
43:12 Bodkin Arrow
43:21 Scale Mail Armor
43:31 Forging
44:15 Paper Money
43:18 Elite Rattan Archer
44:58 Stone Mining
45:41 Crop Rotation
46:15 Two-Man Saw
44:54 Elite Battle Elephant
50:20 Hoardings
50:19 Ring Archer Armor
49:50 Bracer
50:06 Chain Mail Armor
50:27 Iron Casting
51:03 Capped Ram
WINGER
9:45 Feudal Age
14:13 Castle Age
12:07 Double-Bit Axe
12:09 Horse Collar
12:35 Gold Mining
14:15 Stone Mining
18:08 Bow Saw
19:50 Stone Shaft Mining
24:45 Imperial Age
22:20 Loom
23:01 Bloodlines
22:51 Husbandry
23:15 Forging
23:11 Scale Barding Armor
24:31 Iron Casting
25:06 Chain Barding Armor
26:27 Chemistry
25:52 Heavy Plow
26:28 Conscription
26:44 Fletching
27:23 Cavalier
30:17 Two-Man Saw
29:55 Wheelbarrow
32:14 Blast Furnace
31:50 Plate Barding Armor
31:31 Elite Conquistador
32:59 Hand Cart
34:34 Bodkin Arrow
34:57 Elite Skirmisher
35:13 Paladin
38:24 Hoardings
38:11 Masonry
40:29 Padded Archer Armor
40:30 Bracer
42:13 Leather Archer Armor
42:30 Architecture
Mr Seymour Guado
2:11 Loom
8:52 Feudal Age
10:13 Wheelbarrow
9:27 Double-Bit Axe
9:24 Horse Collar
16:00 Castle Age
17:51 Forging
17:47 Scale Barding Armor
18:22 Bow Saw
18:16 Heavy Plow
20:56 Hand Cart
23:08 Husbandry
29:38 Imperial Age
27:57 Gold Mining
27:57 Stone Mining
31:34 Cavalier
33:23 Iron Casting
33:09 Chain Barding Armor
33:38 Gold Shaft Mining
33:39 Stone Shaft Mining
33:43 Paladin
36:02 Caravan
37:36 Two-Man Saw
38:09 Crop Rotation
38:17 Plate Barding Armor
43:49 Conscription
43:41 Logistica
Connection lost

Rejoining the realm…

Still unreachable

The connection could not be restored.

Session expired

The server has moved on; the page needs a fresh start.